 Dungeon Crawl Stone Soup version 0.16.2-12-gd0ad4c3 (webtiles) character file.

95 dpvblackbelt the Sneak (level 4, 0/38 HPs)
             Began as a Naga Transmuter on Sept 13, 2015.
             Slain by an orc
             ... wielding a +0 trident
              (6 damage)
             ... on level 3 of the Dungeon.
             The game lasted 00:07:54 (2767 turns).

dpvblackbelt the Sneak (Naga Transmuter)            Turns: 2767, Time: 00:07:54

Health: 0/38       AC:  2    Str: 13    XL:     4   Next: 65%
Magic:  6/7        EV: 10    Int: 14    God:
Gold:   111        SH:  0    Dex: 11    Spells: 2 memorised, 3 levels left

rFire  . . .     SeeInvis +     b - +0 dagger
rCold  . . .     Clarity  .     c - +0 robe
rNeg   . . .     SustAb   .     (no shield)
rPois  +         Gourm    .     (no helmet)
rElec  .         Spirit   .     (no cloak)
rCorr  .         Warding  .     (no gloves)
rMut   +         Stasis   .     (no barding)
MR     .....                    q - amulet of resist mutation
Stlth  +++.......               (no ring)
                                p - ring of wizardry

@: very slow, not resistant to hostile enchantments, fairly stealthy
A: spit poison, see invisible, deformed body, poison resistance, slowness 2, AC
+1
a: Spit Poison


You were on level 3 of the Dungeon.
You were hungry.

You visited 1 branch of the dungeon, and saw 3 of its levels.

You collected 111 gold pieces.

Inventory:

Hand weapons
 a - a +0 hunting sling
 b - a +0 dagger (weapon)
Missiles
 e - 32 arrows
 h - 22 stones (quivered)
 w - 16 sling bullets
Armour
 c - a +0 robe (worn)
 z - a +0 shield
Jewellery
 p - a ring of wizardry (left hand)
 q - an amulet of resist mutation (around neck)
 y - an uncursed ring of flight {unknown}
Scrolls
 k - a scroll of random uselessness {unknown}
 l - 2 scrolls of remove curse {unknown}
 n - 4 scrolls of identify {unknown}
 u - 2 scrolls of magic mapping {unknown}
Potions
 g - a potion of ambrosia {unknown}
 o - a potion of flight {unknown}
 r - a potion of resistance {unknown}
 s - 3 potions of haste {unknown}
 t - 2 potions of cure mutation {unknown}
 v - a potion of curing {unknown}
 x - a potion of might {unknown}
 A - a potion of berserk rage {unknown}
Books
 d - a book of Changes

   Spells                             Type                      Level
   a - Beastly Appendage              Transmutation                1
   b - Sticks to Snakes               Transmutation                2
   c - Spider Form                    Transmutation/Poison         3
   d - Ice Form                       Ice/Transmutation            4
   e - Blade Hands                    Transmutation                5
Comestibles
 f - 2 beef jerkies
 i - 2 bread rations
 j - 2 fruits
 m - a slice of pizza


   Skills:
 - Level 1.0 Fighting
 - Level 1.5 Dodging
 - Level 4.0 Stealth
 - Level 3.0 Unarmed Combat
 - Level 2.0 Spellcasting
 - Level 2.0 Transmutations
 + Level 4.0 Poison Magic


You had 3 spell levels left.
You knew the following spells:

 Your Spells              Type           Power        Failure   Level  Hunger
a - Beastly Appendage     Trmt           #.....       4%          1    ##.....
b - Spider Form           Trmt/Pois      #.........   9%          3    ####...


Dungeon Overview and Level Annotations

Branches:
Dungeon (3/15)

Altars:


Innate Abilities, Weirdness & Mutations

You cannot wear boots.
You can spit poison.
Your serpentine skin is tough (AC +1).
You have supernaturally acute eyesight.
Armour fits poorly on your strangely shaped body.
Your system is resistant to poisons.
You cover ground very slowly.


Message History

The giant cockroach is severely wounded.
The giant cockroach barely misses you.
You barely miss the giant cockroach.
The giant cockroach is severely wounded.
The giant cockroach bites you. The orc hits you but does no damage.
The giant cockroach bites you but does no damage.
You hit the giant cockroach but do no damage.
The giant cockroach is severely wounded.
The giant cockroach bites you. The orc misses you.
You barely miss the giant cockroach.
The giant cockroach is severely wounded.
The giant cockroach bites you.
* * * LOW HITPOINT WARNING * * *
The orc hits you from afar with a trident.
* * * LOW HITPOINT WARNING * * *
All of the chunks of flesh in your inventory have rotted away.
The giant cockroach bites you.
* * * LOW HITPOINT WARNING * * *
The orc hits you from afar with a trident.
You die...

#.. ....#.........# #.#
#.#.#.#######.#
#.###.#.#)# #.#
######.....#.#.##### #.#
#.so.)..#..........###.#
#.####o....#>#..........
#.# #o##....####...####
#o# #s#.....# #.#...###
##.# #.@.....# #......
##os# #####.### #..##.
#..o# #.# #..... #.....#
#.# #.####. ##...##
##+## #. ##.## ##...##
###. #. ##.....## ##...
#. ##.......## ##..#. ..
#.........####.....


You could see 2 orcs and a giant cockroach.

Vanquished Creatures
  Jessica (D:3)
  An adder (D:2)
  A giant mite (D:2)
  A worm (D:3)
  6 orcs (D:3)
  5 giant cockroaches
  7 hobgoblins
  7 bats
  3 giant geckos
  2 giant newts
  3 goblins
  7 kobolds
  5 rats
49 creatures vanquished.

Notes
Turn   | Place    | Note
--------------------------------------------------------------
     0 | D:1      | dpvblackbelt, the Naga Transmuter, began the quest for the Orb.
     0 | D:1      | Reached XP level 1. HP: 18/18 MP: 3/3
    53 | D:1      | Reached skill level 1 in Stealth
   182 | D:1      | Reached XP level 2. HP: 11/25 MP: 4/4
  1166 | D:2      | Reached skill level 4 in Stealth
  1179 | D:2      | Reached XP level 3. HP: 26/31 MP: 6/6
  1188 | D:2      | Learned a level 3 spell: Spider Form
  1194 | D:2      | Reached skill level 1 in Poison Magic
  2382 | D:3      | Reached XP level 4. HP: 38/38 MP: 7/7
  2391 | D:3      | Noticed Jessica
  2408 | D:3      | Killed Jessica
  2767 | D:3      | Slain by an orc

Action                   |  1- 3 |  4- 6 || total
-------------------------+-------+-------++-------
Melee: Short sword       |   138 |       ||   138
       Unarmed           |     8 |    16 ||    24
       Dagger            |     5 |    16 ||    21
 Fire: Hunting sling     |     4 |     3 ||     7
 Cast: Spider Form       |       |     3 ||     3
 Abil: Spit Poison       |     2 |     2 ||     4
 Stab: Sleeping          |     8 |     1 ||     9
  Eat: Chunk             |     4 |     2 ||     6
